[Event "DVM U12 2019"]
[Site "Magedburg"]
[Date "2019.12.27"]
[Round "2"]
[White "Fruth, David"]
[Black "Skolnik, Andrius"]
[Result "0-1"]
[ECO "C07"]
[WhiteElo "1473"]
[BlackElo "1278"]
[Annotator "NA"]
[PlyCount "112"]
[EventDate "2019.12.27"]
[EventType "team-tourn"]
[EventRounds "7"]
[EventCountry "GER"]
[SourceTitle "playchess.com"]
[Source "ChessBase"]
[SourceQuality "1"]
[WhiteTeam "USV TU Dresden"]
[BlackTeam "SF Brackel"]
[TimeControl "40/5400+30:1800+30"]

1. e4 e6 2. d4 d5 3. Nd2 c5 4. Ngf3 Nc6 5. Bb5 Bd7 6. c3 Qb6 7. Bxc6 Bxc6 8. e5 Ne7 9. O-O Nf5 10. Nb3 Ba4 11. dxc5 Bxc5 12. Nfd2 Bb5 13. Nxc5 Bxf1 14. Qa4+ Bb5 15. Qb4 a5 16. Qa3 Rc8 17. Ncb3 Ne3 18. Qxa5 Qxa5 19. Nxa5 Nc2 20. Rb1 b6 21. Nb7 O-O 22. Nd6 Rc5 23. Nb3 Bc4 24. Bd2 Rc6 25. Rc1 Bd3 26. f3 f6 27. f4 fxe5 28. fxe5 Ba6 29. h3 Bd3 30. Bg5 Rc7 31. Rd1 Ba6 32. Rc1 h6 33. Bd2 Bd3 34. Rd1 Ra7 35. a3 Nxa3 36. bxa3 Bc2 37. Nb5 Bxd1 38. Nxa7 Bxb3 39. Nc6 Ba4 40. Nd4 g5 41. Nxe6 Re8 42. Nd4 Rxe5 43. Kf2 Bd1 44. g4 b5 45. Kg3 Be2 46. Nc6 Re4 47. Nd4 Bc4 48. Kf3 Kf7 49. Nf5 Re6 50. Nd4 Ra6 51. Bc1 Rf6+ 52. Nf5 Bd3 53. Ke3 Bxf5 54. gxf5 Rxf5 55. Kd4 Rf3 56. h4 gxh4 {[%emt 0:02:17] normal} 0-1

[Event "DVM U12 2019"]
[Site "Magedburg"]
[Date "2019.12.27"]
[Round "2"]
[White "Spinka, Georg Kamil"]
[Black "Tietz, Bennit"]
[Result "0-1"]
[ECO "D00"]
[WhiteElo "1338"]
[BlackElo "1637"]
[Annotator "NA"]
[PlyCount "64"]
[EventDate "2019.12.27"]
[EventType "team-tourn"]
[EventRounds "7"]
[EventCountry "GER"]
[SourceTitle "playchess.com"]
[Source "ChessBase"]
[SourceQuality "1"]
[WhiteTeam "SV Roter Turm Halle"]
[BlackTeam "Hamburger SK"]
[TimeControl "40/5400+30:1800+30"]

1. d4 d5 2. Bf4 Bf5 3. Nf3 Nc6 4. c3 Nf6 5. e3 e6 6. Nbd2 Bd6 7. Bg3 O-O 8. Be2 Re8 9. Ne5 Bxe5 10. dxe5 Ne4 11. Nf3 h6 12. Nh4 Bh7 13. Bd3 Nxg3 14. hxg3 Bxd3 15. Qxd3 Nxe5 16. Qd4 Nc6 17. Qg4 Ne5 18. Qd4 Qd6 19. O-O-O c5 20. Qd2 c4 21. Qd4 Nd3+ 22. Rxd3 cxd3 23. Qxd3 Rac8 24. Nf3 a6 25. e4 Qb6 26. Nd4 dxe4 27. Qxe4 Red8 28. Nb3 Qxf2 29. Qxb7 Qe3+ 30. Kc2 Qd3+ 31. Kc1 Qxg3 32. Rf1 Qe3+ {[%emt 0:00:31] normal} 0-1

[Event "DVM U12 2019"]
[Site "Magedburg"]
[Date "2019.12.27"]
[Round "2"]
[White "Römer, Uri"]
[Black "Richter, Nicholas"]
[Result "1/2-1/2"]
[ECO "B21"]
[WhiteElo "1311"]
[BlackElo "1448"]
[Annotator "NA"]
[PlyCount "59"]
[EventDate "2019.12.27"]
[EventType "team-tourn"]
[EventRounds "7"]
[EventCountry "GER"]
[SourceTitle "playchess.com"]
[Source "ChessBase"]
[SourceQuality "1"]
[WhiteTeam "SF Brackel"]
[BlackTeam "USV TU Dresden"]
[TimeControl "40/5400+30:1800+30"]

1. e4 c5 2. d4 cxd4 3. c3 g6 4. cxd4 d5 5. exd5 Nf6 6. Nc3 Nxd5 7. Nf3 Bg7 8. Nxd5 Qxd5 9. Be3 O-O 10. Be2 Nc6 11. b3 Rd8 12. Bc4 Qd6 13. Ng5 e6 14. Ne4 Qc7 15. Rc1 Qa5+ 16. Qd2 Qxd2+ 17. Nxd2 Nxd4 18. O-O b6 19. Rfd1 Bb7 20. h3 Nc6 21. a4 Nb4 22. Kf1 Bd5 23. Nf3 Bxf3 24. gxf3 Kf8 25. Ke2 Rdc8 26. Rd7 Rd8 27. Rcd1 Rxd7 28. Rxd7 Nc6 29. Bb5 Ne7 30. Kd3 {[%emt 0:04:58] normal} 1/2-1/2

[Event "DVM U12 2019"]
[Site "Magedburg"]
[Date "2019.12.27"]
[Round "2"]
[White "Monninkhoff, Yari"]
[Black "Lieske, Aaron"]
[Result "1-0"]
[ECO "C55"]
[WhiteElo "1272"]
[BlackElo "1493"]
[Annotator "NA"]
[PlyCount "47"]
[EventDate "2019.12.27"]
[EventType "team-tourn"]
[EventRounds "7"]
[EventCountry "GER"]
[SourceTitle "playchess.com"]
[Source "ChessBase"]
[SourceQuality "1"]
[WhiteTeam "SV Empor Berlin"]
[BlackTeam "SC Kreuzberg"]
[TimeControl "40/5400+30:1800+30"]

1. e4 e5 2. Nf3 Nc6 3. Bc4 Nf6 4. d3 a6 5. Bg5 Be7 6. a3 d6 7. Nbd2 Bg4 8. c3 Na5 9. Ba2 Qd7 10. O-O h6 11. Bh4 O-O 12. h3 Be6 13. Bb1 Qd8 14. d4 exd4 15. cxd4 Nc4 16. Nxc4 Bxc4 17. Re1 Re8 18. Qc2 d5 19. exd5 g5 20. Qxc4 gxh4 21. Nxh4 Nxd5 22. Nf5 h5 23. Qd3 Nf6 24. Qg3+ {normal} 1-0

[Event "DVM U12 2019"]
[Site "Magedburg"]
[Date "2019.12.27"]
[Round "2"]
[White "Koulouris, Fabian"]
[Black "Spranger, Tobias"]
[Result "0-1"]
[ECO "C51"]
[WhiteElo "1261"]
[BlackElo "1390"]
[Annotator "NA"]
[PlyCount "54"]
[EventDate "2019.12.27"]
[EventType "team-tourn"]
[EventRounds "7"]
[EventCountry "GER"]
[SourceTitle "playchess.com"]
[Source "ChessBase"]
[SourceQuality "1"]
[WhiteTeam "SC Kreuzberg"]
[BlackTeam "SV Empor Berlin"]
[TimeControl "40/5400+30:1800+30"]

1. e4 e5 2. Nf3 Nc6 3. Bc4 Bc5 4. b4 Bb6 5. c3 Nf6 6. d3 d6 7. Qb3 O-O 8. Nbd2 h6 9. O-O Ne7 10. d4 exd4 11. cxd4 d5 12. exd5 Nexd5 13. Bxd5 Nxd5 14. Nc4 Be6 15. Nxb6 Nxb6 16. Qc3 c6 17. Bb2 Bd5 18. Ne5 Na4 19. Qc2 Nxb2 20. Qxb2 Qg5 21. f4 Qf5 22. Rae1 f6 23. Nf3 Qxf4 24. Ne5 Qg5 25. Nd7 Rfe8 26. Nc5 Bc4 27. Rxe8+ Rxe8 {[%emt 0:00:33] normal} 0-1

[Event "DVM U12 2019"]
[Site "Magedburg"]
[Date "2019.12.27"]
[Round "2"]
[White "Rumpold, Jaron"]
[Black "Krüger, Arthur"]
[Result "1/2-1/2"]
[ECO "D37"]
[WhiteElo "1123"]
[BlackElo "1693"]
[Annotator "NA"]
[PlyCount "79"]
[EventDate "2019.12.27"]
[EventType "team-tourn"]
[EventRounds "7"]
[EventCountry "GER"]
[SourceTitle "playchess.com"]
[Source "ChessBase"]
[SourceQuality "1"]
[WhiteTeam "SV Roter Turm Halle"]
[BlackTeam "Hamburger SK"]
[TimeControl "40/5400+30:1800+30"]

1. d4 d5 2. c4 e6 3. Nc3 Nf6 4. Nf3 Be7 5. Bf4 a6 6. e3 Nbd7 7. c5 Nh5 8. Bg3 Nxg3 9. fxg3 Nf6 10. Bd3 g6 11. O-O O-O 12. b4 c6 13. Ne5 Nd7 14. Nf3 f6 15. e4 dxe4 16. Nxe4 f5 17. Nc3 Nf6 18. a4 Nd5 19. Nxd5 exd5 20. b5 axb5 21. axb5 Rxa1 22. Qxa1 cxb5 23. Bxb5 Bd7 24. Qa4 Bxb5 25. Qxb5 Qc7 26. Rb1 Rb8 27. c6 b6 28. Qxd5+ Kg7 29. Qe5+ Qxe5 30. Nxe5 Bf6 31. Nf3 Kf7 32. d5 b5 33. c7 Rc8 34. Rxb5 Rxc7 35. Rb1 Ke7 36. Re1+ Kd7 37. Rd1 Kd6 {[%emt 0:00:39] normal} 38. Nd4 {[%emt 0:01:05] normal} Bxd4+ 39. Rxd4 {[%emt 0:00:06] normal} Rc5 40. Kf2 {[%emt 0:01:23] normal} 1/2-1/2

[Event "DVM U12 2019"]
[Site "Magedburg"]
[Date "2019.12.28"]
[Round "3"]
[White "von Mettenheim, Johannes"]
[Black "Nitsche, Nikolai"]
[Result "1-0"]
[ECO "D30"]
[WhiteElo "1971"]
[BlackElo "1808"]
[Annotator "NA RC"]
[PlyCount "77"]
[EventDate "2019.12.27"]
[EventType "team-tourn"]
[EventRounds "7"]
[EventCountry "GER"]
[SourceTitle "playchess.com"]
[Source "ChessBase"]
[SourceQuality "1"]
[WhiteTeam "Schachzentrum Bemerode"]
[BlackTeam "SV Empor Berlin"]
[WhiteTeamCountry "GER"]
[BlackTeamCountry "GER"]
[TimeControl "40/5400+30:1800+30"]

1. d4 d5 2. c4 e6 3. Nf3 c6 4. Qc2 dxc4 5. Qxc4 {[%emt 0:01:02] unterminated} b5 {[%emt 0:02:06] unterminated} 6. Qc2 Bb7 7. g3 {[%emt 0:00:38] unterminated} Nd7 {[%emt 0:02:02] unterminated} 8. Bg2 {[%emt 0:05:32] unterminated} c5 9. O-O {[%emt 0:02:18] unterminated} Ngf6 {[%emt 0:03:13] unterminated} 10. Nbd2 {[%emt 0:21:03] unterminated D30: Queen's Gambit Declined: Systems without Nc3} (10. dxc5 Bxc5 11. Nc3 Rc8 12. a3 O-O 13. Qd3 a6 14. Be3 Nb6 15. Qxd8 Rfxd8 16. Bxc5 Rxc5 17. Rfd1 Rdc8 18. Nd2 Bxg2 19. Kxg2 R5c6 20. a4 b4 21. Na2 a5 {0-1 (51) Hess,R (2574)-Wojtaszek,R (2727) Douglas 2018}) 10... Be7 {[%emt 0:03:02] unterminated} 11. dxc5 Nxc5 $146 {[%emt 0:00:46] unterminated} ({Predecessor:} 11... Bxc5 12. Nb3 Bb6 13. Rd1 Be4 14. Qc3 Qe7 15. Bf4 b4 16. Qc4 Bd5 {1-0 (34) Taylor,A (2122)-Wilson,M (1822) Hastings 2019}) 12. Rd1 {[%emt 0:07:03] unterminated} Qb6 {[%emt 0:03:35] unterminated} 13. Nb3 {[%emt 0:04:51] unterminated} Be4 {[%emt 0:03:26] unterminated} 14. Qc3 b4 {[%emt 0:02:59] unterminated} 15. Qe5 {[%emt 0:07:57] unterminated} Nxb3 {[%emt 0:06:13] unterminated} 16. axb3 {[%emt 0:00:57] unterminated} O-O 17. Be3 Qb7 18. Rdc1 Ng4 19. Qc7 Nxe3 20. Qxb7 Bxb7 21. fxe3 {[%emt 0:00:17] unterminated} Bf6 {[%emt 0:04:07] unterminated} 22. Nd4 {[%emt 0:01:09] unterminated} Bxg2 $11 23. Kxg2 Rfd8 24. Rc4 Bxd4 25. exd4 a5 26. e3 f5 27. Rc5 Rd5 28. Kf2 Rxc5 29. dxc5 e5 30. e4 fxe4 31. Ke3 Kf7 32. Kxe4 Ke6 33. Rd1 a4 34. Rd6+ Ke7 35. bxa4 Rxa4 36. Kxe5 Ra2 37. Rd2 b3 38. Kd4 Kd7 39. Ke4+ {normal} 1-0

[Event "DVM U12 2019"]
[Site "Magedburg"]
[Date "2019.12.28"]
[Round "3"]
[White "Kempe, Caius Emilian"]
[Black "Schoen, Florian"]
[Result "1-0"]
[ECO "C51"]
[WhiteElo "1832"]
[BlackElo "1713"]
[Annotator "NA RC"]
[PlyCount "145"]
[EventDate "2019.12.27"]
[EventType "team-tourn"]
[EventRounds "7"]
[EventCountry "GER"]
[SourceTitle "playchess.com"]
[Source "ChessBase"]
[SourceQuality "1"]
[WhiteTeam "USV TU Dresden"]
[BlackTeam "BSG Grün-Weiß Leipzig"]
[WhiteTeamCountry "GER"]
[BlackTeamCountry "GER"]
[TimeControl "40/5400+30:1800+30"]

1. e4 e5 2. Nf3 Nc6 3. Bc4 Bc5 4. b4 Bxb4 5. c3 Bc5 6. d4 exd4 7. cxd4 Bb4+ 8. Bd2 Bxd2+ 9. Nbxd2 Nf6 {[%emt 0:00:31] unterminated} 10. Ng5 (10. e5 $11 {remains equal.} d5 11. exf6 dxc4 12. fxg7) 10... O-O 11. e5 d5 12. Bd3 Ne4 13. Ngf3 Bg4 14. Nxe4 dxe4 15. Bxe4 Bxf3 16. Bxf3 Qxd4 17. Qxd4 Nxd4 {[%emt 0:00:01] unterminated} 18. Bxb7 Rae8 {[%emt 0:00:45] unterminated} 19. O-O-O {[%emt 0:04:39] unterminated} Ne2+ 20. Kc2 Rxe5 {[%emt 0:00:54] unterminated} 21. Bf3 {[%emt 0:01:31] unterminated} Rc5+ 22. Kd2 {[%emt 0:01:51] unterminated} (22. Kb2 $142 Rb8+ 23. Ka1) 22... Nd4 23. Be4 {[%emt 0:01:31] unterminated} Re8 {[%emt 0:09:12] unterminated} 24. Bd3 Ra5 {[%emt 0:00:32] unterminated} 25. Bc4 {[%emt 0:01:12] unterminated} Ra4 {[%emt 0:03:31] unterminated} 26. Kc3 c5 27. Rb1 {[%emt 0:01:00] unterminated} Ra3+ 28. Kb2 {[%emt 0:00:39] unterminated} Ra4 29. Kc3 {[%emt 0:00:18] unterminated} h6 30. Rb7 Rxc4+ 31. Kxc4 Nc6 32. Kxc5 Rc8 33. Kd5 a5 34. a3 Kf8 35. Re1 g6 {[%emt 0:00:51] unterminated} 36. Re4 $18 h5 37. Rc4 Ne7+ 38. Rxe7 Rd8+ 39. Kc5 Kxe7 40. Kb5 Ra8 41. Ra4 Kd6 42. Rxa5 Rb8+ 43. Kc4 Rb2 44. Ra6+ Ke7 45. a4 Rxf2 46. a5 {[%emt 0:00:15] unterminated} Rxg2 47. Ra8 f5 48. a6 f4 49. a7 Ra2 50. Rh8 f3 51. a8=Q Rxa8 52. Rxa8 g5 53. Kd3 Ke6 54. Ke3 g4 55. Kf4 Kf6 56. Ra6+ Kf7 57. Kg3 Kg7 58. h3 gxh3 59. Kxf3 h4 60. Kf2 Kh7 61. Kg1 Kg7 62. Kh2 Kh7 63. Kxh3 Kg7 64. Kxh4 Kh7 65. Kg5 Kg7 66. Ra7+ Kf8 67. Kf6 Ke8 68. Ke6 Kd8 69. Rh7 Kc8 70. Kd6 Kb8 71. Kc6 Ka8 72. Kb6 Kb8 73. Rh8# {[%emt 0:00:05] normal} 1-0

[Event "DVM U12 2019"]
[Site "Magedburg"]
[Date "2019.12.28"]
[Round "3"]
[White "Freude, Max"]
[Black "Rehbein, Vitus"]
[Result "1-0"]
[ECO "B07"]
[WhiteElo "1809"]
[BlackElo "1547"]
[Annotator "NA RC"]
[PlyCount "43"]
[EventDate "2019.12.27"]
[EventType "team-tourn"]
[EventRounds "7"]
[EventCountry "GER"]
[SourceTitle "playchess.com"]
[Source "ChessBase"]
[SourceQuality "1"]
[WhiteTeam "SV Empor Berlin"]
[BlackTeam "Schachzentrum Bemerode"]
[WhiteTeamCountry "GER"]
[BlackTeamCountry "GER"]
[TimeControl "40/5400+30:1800+30"]

1. e4 d6 2. d4 Nf6 3. Nc3 g6 4. Be3 Bg7 5. f3 O-O 6. Qd2 Nc6 7. g4 e5 {[%emt 0:01:32] B07: Pirc Defence: Miscellaneous Systems} 8. d5 {[%emt 0:00:27] unterminated} Ne7 {[%emt 0:02:54] unterminated} 9. O-O-O {[%emt 0:01:02] unterminated} Bd7 {[%emt 0:03:58] unterminated} (9... Ne8 10. Bd3 c6 11. dxc6 bxc6 12. Bc4 Be6 13. Qd3 Qa5 {1-0 (13) Ponkratov,P (2530)-Losev,D (2381) Zvenigorod 2008}) 10. h4 h5 {[%emt 0:00:19] unterminated} 11. gxh5 Nxh5 {[%emt 0:00:09] unterminated} 12. Nge2 {[%emt 0:01:32] unterminated} f6 $146 ({Black should play Predecessor:} 12... b5 $14 13. Rg1 b4 14. Nb1 a5 15. Ng3 Nxg3 16. Rxg3 {1-0 (26) Broucke,F (2343)-Baerschneider,A (2274) ICCF email 2000}) 13. Rg1 Qb8 14. Ng3 Nxg3 15. Rxg3 Rd8 {[%emt 0:00:21] unterminated} 16. Bh6 (16. f4 $18 {has better winning chances.}) 16... c6 17. Bc4 Kh7 18. Bxg7 Kxg7 19. Rdg1 Rh8 20. Qg2 Be8 21. Qh3 Qc8 {[%emt 0:04:20] normal} 22. h5 $17 {[%emt 0:09:13] normal} (22. Qh2 $14 {stays ahead.}) 1-0

[Event "DVM U12 2019"]
[Site "Magedburg"]
[Date "2019.12.28"]
[Round "3"]
[White "Bungarten, Jona"]
[Black "Fuhrmann, Bahne"]
[Result "1/2-1/2"]
[ECO "C54"]
[WhiteElo "1750"]
[BlackElo "1603"]
[Annotator "NA RC"]
[PlyCount "51"]
[EventDate "2019.12.27"]
[EventType "team-tourn"]
[EventRounds "7"]
[EventCountry "GER"]
[SourceTitle "playchess.com"]
[Source "ChessBase"]
[SourceQuality "1"]
[WhiteTeam "SF Brackel"]
[BlackTeam "Hamburger SK"]
[WhiteTeamCountry "GER"]
[BlackTeamCountry "GER"]
[TimeControl "40/5400+30:1800+30"]

1. e4 e5 2. Nf3 Nc6 3. Bc4 Bc5 4. c3 Nf6 5. d4 exd4 6. cxd4 Bb4+ 7. Nc3 Nxe4 8. O-O Bxc3 9. d5 Bf6 10. Re1 Ne7 11. Rxe4 d6 12. Bg5 Bxg5 13. Nxg5 h6 14. Qe2 hxg5 15. Re1 Be6 16. h3 c6 17. dxe6 f6 18. Rg4 Ng6 19. Qc2 Rh6 20. e7 Qc7 21. f4 Nxf4 22. Qf5 Qb6+ 23. Kf1 Qd4 24. Bf7+ Kxf7 25. e8=Q+ Rxe8 26. Qd7+ {[%emt 0:00:07] normal} 1/2-1/2

[Event "DVM U12 2019"]
[Site "Magedburg"]
[Date "2019.12.28"]
[Round "3"]
[White "Krüger, Arthur"]
[Black "Tomasjan, Samuel"]
[Result "1-0"]
[ECO "A40"]
[WhiteElo "1693"]
[BlackElo "1662"]
[Annotator "NA RC"]
[PlyCount "73"]
[EventDate "2019.12.27"]
[EventType "team-tourn"]
[EventRounds "7"]
[EventCountry "GER"]
[SourceTitle "playchess.com"]
[Source "ChessBase"]
[SourceQuality "1"]
[WhiteTeam "Hamburger SK"]
[BlackTeam "SF Brackel"]
[BlackTeamCountry "GER"]
[TimeControl "40/5400+30:1800+30"]

1. d4 e6 2. Bf4 d5 3. c3 Nf6 4. e3 c5 5. Nd2 Nc6 6. Ngf3 cxd4 7. exd4 Bd6 8. Bg3 a6 9. Bd3 b5 10. a3 Rb8 11. b4 O-O 12. O-O Re8 13. Re1 Qc7 14. Ne5 Bxe5 15. dxe5 Nd7 16. Qh5 g6 17. Qg5 Ne7 18. Rac1 Nf5 19. Bxf5 exf5 20. e6 Qc6 21. exd7 Bxd7 22. Bxb8 Rxb8 23. Nb3 Rc8 24. Nc5 Ra8 25. Re7 Ra7 26. Qf4 Rc7 27. Nxd7 Rxd7 28. Qb8+ Kg7 29. Qe5+ Kh6 30. Qe3+ Kg7 31. Qd4+ Kh6 32. Re3 f6 33. Rce1 g5 34. Re6 Qc4 35. Qxf6+ Kh5 36. Qh6+ Kg4 {[%emt 0:00:23] normal} 37. Qh3+ {[%emt 0:00:13] normal} 1-0

[Event "DVM U12 2019"]
[Site "Magedburg"]
[Date "2019.12.28"]
[Round "3"]
[White "Englert, Luca"]
[Black "Espig, Nils"]
[Result "0-1"]
[ECO "A03"]
[WhiteElo "1632"]
[BlackElo "1596"]
[Annotator "NA RC"]
[PlyCount "154"]
[EventDate "2019.12.27"]
[EventType "team-tourn"]
[EventRounds "7"]
[EventCountry "GER"]
[SourceTitle "playchess.com"]
[Source "ChessBase"]
[SourceQuality "1"]
[WhiteTeam "BSG Grün-Weiß Leipzig"]
[BlackTeam "USV TU Dresden"]
[WhiteTeamCountry "GER"]
[BlackTeamCountry "GER"]
[TimeControl "40/5400+30:1800+30"]

1. f4 d5 2. Nf3 Nf6 3. e3 Nc6 4. Be2 e6 5. O-O Bd6 6. b3 e5 7. fxe5 Nxe5 8. Bb2 Qe7 9. Qe1 O-O 10. Qh4 Ng6 11. Bxf6 Nxh4 12. Bxe7 Bxe7 13. Nc3 Nxf3+ 14. Bxf3 c6 15. Rae1 Bb4 16. Nb1 Bd7 17. c3 Bc5 18. d4 Bb6 19. Nd2 f5 20. Rf2 Rae8 21. Kf1 Re7 22. g3 Rfe8 23. Rfe2 Kf8 24. b4 Bc7 25. Nb3 c5 26. Bxd5 cxb4 27. c4 Bc6 28. Bxc6 bxc6 29. Nc5 a5 30. d5 cxd5 31. cxd5 Bb6 32. Ne6+ Kf7 33. e4 fxe4 34. Rxe4 h6 35. Kg2 Kg8 36. Kf3 Rd7 37. Rd1 Ree7 38. Nf4 Rxe4 39. Kxe4 Kf7 40. Ne6 g5 41. Rc1 Ke7 42. g4 Rd6 43. Ng7 Kd7 44. Nf5 Rf6 45. Ke5 Rg6 46. h3 Bc7+ 47. Ke4 Rb6 48. Rb1 Bf4 49. Nd4 Bc7 50. Nc6 Rb5 51. Rb3 Kd6 52. Rd3 a4 53. Nd4 Rb6 54. Rf3 Ke7 55. Nc6+ Ke8 56. Nd4 Ke7 57. Nf5+ Kd7 58. Nd4 Bf4 59. Rd3 Kd6 60. Nf5+ Kc5 61. Nd4 Kc4 62. Ne2 b3 63. Rd4+ Kc5 64. axb3 axb3 65. Rd1 Rb4+ 66. Kf5 b2 67. Nc3 Rc4 68. Ne2 Bc1 69. d6 b1=Q+ 70. Ke6 Qe4+ 71. Kf6 Qxe2 72. Rd5+ Kxd5 73. h4 Rf4+ 74. Kg6 Qe6+ 75. Kh5 gxh4 76. d7 Qxg4+ 77. Kxh6 Rf7# {[%emt 0:00:39] normal} 0-1

[Event "DVM U12 2019"]
[Site "Magedburg"]
[Date "2019.12.28"]
[Round "3"]
[White "Brandstrup, Luca Alexander"]
[Black "Skolnik, Andrius"]
[Result "1-0"]
[ECO "C45"]
[WhiteElo "1602"]
[BlackElo "1278"]
[Annotator "NA RC"]
[PlyCount "93"]
[EventDate "2019.12.27"]
[EventType "team-tourn"]
[EventRounds "7"]
[EventCountry "GER"]
[SourceTitle "playchess.com"]
[Source "ChessBase"]
[SourceQuality "1"]
[WhiteTeam "Hamburger SK"]
[BlackTeam "SF Brackel"]
[WhiteTeamCountry "GER"]
[TimeControl "40/5400+30:1800+30"]

1. e4 e5 2. Nf3 Nc6 3. d4 exd4 4. Nxd4 Bc5 5. Be3 Qf6 6. c3 Qd6 7. Nb5 Qxd1+ 8. Kxd1 Bd6 9. Nxd6+ cxd6 10. f4 Nf6 11. Bd3 O-O 12. h3 Re8 13. Nd2 b6 14. g4 Bb7 15. g5 Nh5 16. Rg1 g6 17. Nc4 Re6 18. f5 Re5 19. Nxe5 Nxe5 20. Ke2 d5 21. Rab1 dxe4 22. Bc2 Nf3 23. Rgd1 d5 24. f6 Ng3+ 25. Kf2 Nf5 26. Bf4 Rd8 27. Bxe4 Bc6 28. Bxf3 a6 29. Bg4 Nd6 30. Bxd6 Rxd6 31. Re1 d4 32. cxd4 Rxd4 33. Bf3 Rf4 34. Re3 h6 35. Kg3 Rc4 36. Bxc6 Rxc6 37. Rc3 Re6 38. h4 Re5 39. Kf4 Rf5+ 40. Ke4 hxg5 41. hxg5 Rxg5 42. Rc8+ Kh7 43. Rh1+ Rh5 44. Rxh5+ gxh5 45. Kf5 h4 46. Kg4 Kg6 {[%emt 0:00:40] normal} 47. Rc6 {[%emt 0:00:11] normal} 1-0

[Event "DVM U12 2019"]
[Site "Magedburg"]
[Date "2019.12.28"]
[Round "3"]
[White "Widmann, Maximilian"]
[Black "Fruth, David"]
[Result "0-1"]
[ECO "A05"]
[WhiteElo "1592"]
[BlackElo "1473"]
[Annotator "NA RC"]
[PlyCount "58"]
[EventDate "2019.12.27"]
[EventType "team-tourn"]
[EventRounds "7"]
[EventCountry "GER"]
[SourceTitle "playchess.com"]
[Source "ChessBase"]
[SourceQuality "1"]
[WhiteTeam "BSG Grün-Weiß Leipzig"]
[BlackTeam "USV TU Dresden"]
[WhiteTeamCountry "GER"]
[BlackTeamCountry "GER"]
[TimeControl "40/5400+30:1800+30"]

1. Nf3 Nf6 2. g3 e6 3. Bg2 Bc5 4. O-O h5 5. d4 Be7 6. Bg5 Ne4 7. Bxe7 Qxe7 8. Qd3 d5 9. Nbd2 f5 10. Ne5 Qf6 11. Ndf3 g5 12. h3 f4 13. g4 Nd7 14. Rad1 c5 15. e3 c4 16. Qe2 Nxe5 17. Nxe5 c3 18. Bxe4 dxe4 19. exf4 hxg4 20. Qxg4 gxf4 21. bxc3 Bd7 22. f3 O-O-O 23. Kh2 Rdg8 24. fxe4 Rxg4 25. Nxg4 Qh4 26. Nf2 Qg3+ 27. Kh1 f3 {[%emt 0:00:28] normal} 28. Rg1 Qxh3+ 29. Nxh3 {[%emt 0:01:03] normal} Rxh3# {normal} 0-1

[Event "DVM U12 2019"]
[Site "Magedburg"]
[Date "2019.12.28"]
[Round "3"]
[White "Freude, Paul"]
[Black "Bangiev, Anton"]
[Result "1/2-1/2"]
[ECO "B07"]
[WhiteElo "1491"]
[BlackElo "1431"]
[Annotator "NA RC"]
[PlyCount "102"]
[EventDate "2019.12.27"]
[EventType "team-tourn"]
[EventRounds "7"]
[EventCountry "GER"]
[SourceTitle "playchess.com"]
[Source "ChessBase"]
[SourceQuality "1"]
[WhiteTeam "SV Empor Berlin"]
[BlackTeam "Schachzentrum Bemerode"]
[WhiteTeamCountry "GER"]
[BlackTeamCountry "GER"]
[TimeControl "40/5400+30:1800+30"]

1. e4 d6 2. d4 Nf6 3. Nc3 g6 4. Be3 Bg7 5. f3 O-O 6. Qd2 e5 7. O-O-O Nc6 8. d5 Ne7 9. g4 a6 10. g5 Ne8 11. h4 f5 12. Qh2 Rf7 13. h5 Bh8 14. hxg6 Nxg6 15. Qh6 f4 16. Bf2 Qe7 17. Bc4 b5 18. Bb3 Bd7 19. Nce2 a5 20. c3 a4 21. Bc2 Rb8 22. a3 c5 23. dxc6 Bxc6 24. Bb1 Qe6 25. Qh3 Qxh3 26. Nxh3 Rd7 27. Ba2+ Kf8 28. Be6 Re7 29. Bf5 Kf7 30. Nhg1 Kg7 31. Kb1 Reb7 32. Nc1 Bd7 33. Bxd7 Rxd7 34. Nge2 Rbd8 35. Bb6 Rb8 36. Ba5 Kg8 37. Na2 Ra7 38. Bb4 Rd7 39. Ba5 Ra8 40. Bb6 Ra6 41. Bf2 Bg7 42. Nb4 Ra8 43. Nd5 Rb8 44. Nc1 Ne7 45. Nxe7+ Rxe7 46. Na2 Rd7 47. Nb4 Nc7 48. Nd5 Nxd5 49. Rxd5 Bf8 50. Rhd1 Kf7 51. Rxe5 dxe5 {[%emt 0:07:49] normal} 1/2-1/2

[Event "DVM U12 2019"]
[Site "Magedburg"]
[Date "2019.12.28"]
[Round "3"]
[White "Richter, Nicholas"]
[Black "Vecera, Fabio"]
[Result "1/2-1/2"]
[ECO "D35"]
[WhiteElo "1448"]
[BlackElo "1529"]
[Annotator "NA"]
[PlyCount "110"]
[EventDate "2019.12.27"]
[EventType "team-tourn"]
[EventRounds "7"]
[EventCountry "GER"]
[SourceTitle "playchess.com"]
[Source "ChessBase"]
[SourceQuality "1"]
[WhiteTeam "USV TU Dresden"]
[BlackTeam "BSG Grün-Weiß Leipzig"]
[WhiteTeamCountry "GER"]
[BlackTeamCountry "GER"]
[TimeControl "40/5400+30:1800+30"]

1. d4 d5 2. c4 e6 3. Nc3 Nf6 4. cxd5 exd5 5. Bg5 Be7 6. e3 O-O 7. Bd3 Nbd7 8. Qc2 c6 9. h3 h6 10. Bf4 Re8 11. Nf3 Nh5 12. Bh2 Nb6 13. Be2 Bb4 14. a3 Be7 15. Ne5 Nf6 16. O-O Bd6 17. Rac1 Be6 18. Kh1 Rc8 19. Rfd1 Nbd7 20. Nxf7 Bxf7 21. Bxd6 Ne4 22. Nxe4 Rxe4 23. Bd3 Re6 24. Bg3 Bh5 25. Rf1 g6 26. Bh2 g5 27. Qb3 Rf6 28. Bg3 Nb6 29. Qc2 Qf8 30. Bh7+ Kh8 31. Be5 Be2 32. Bxf6+ Qxf6 33. Qxe2 Kxh7 34. Qf3 Qg6 35. Qe2 Qf6 36. Rcd1 Nc4 37. a4 Rf8 38. b3 Nd6 39. Qd3+ Kg7 40. f3 Re8 41. e4 Qf4 42. Rde1 a6 43. Kg1 Qh4 44. e5 h5 45. Re3 Qf4 46. Rfe1 Nf5 47. Qc3 Nxe3 48. Qxe3 Re6 49. Qxf4 gxf4 50. Kf2 h4 51. Rb1 b6 52. b4 Kf7 53. b5 a5 54. bxc6 Rxc6 55. Rb5 Ke6 {[%emt 0:00:16] normal} 1/2-1/2

[Event "DVM U12 2019"]
[Site "Magedburg"]
[Date "2019.12.28"]
[Round "3"]
[White "Struebel, Tobias"]
[Black "Spranger, Tobias"]
[Result "0-1"]
[ECO "D32"]
[WhiteElo "1379"]
[BlackElo "1390"]
[Annotator "NA"]
[PlyCount "46"]
[EventDate "2019.12.27"]
[EventType "team-tourn"]
[EventRounds "7"]
[EventCountry "GER"]
[SourceTitle "playchess.com"]
[Source "ChessBase"]
[SourceQuality "1"]
[WhiteTeam "Schachzentrum Bemerode"]
[BlackTeam "SV Empor Berlin"]
[WhiteTeamCountry "GER"]
[BlackTeamCountry "GER"]
[TimeControl "40/5400+30:1800+30"]

1. d4 d5 2. c4 e6 3. Nc3 c5 4. dxc5 d4 5. Ne4 f5 6. Nd2 Bxc5 7. Nb3 Bb4+ 8. Bd2 Bxd2+ 9. Qxd2 Nc6 10. Nf3 e5 11. Rd1 Nf6 12. e3 O-O 13. exd4 exd4 14. Nbxd4 Nxd4 15. Nxd4 Ne4 16. Qc2 Qa5+ 17. Ke2 Qe5 18. f3 Nc3+ 19. Kf2 Nxd1+ 20. Qxd1 Rd8 {[%emt 0:00:56] normal} 21. Nc6 {[%emt 0:04:37] normal} Qc5+ {[%emt 0:00:35] normal} 22. Nd4 Rxd4 {[%emt 0:00:51] normal} 23. b4 Rd2+ {[%emt 0:00:27] normal} 0-1